Map: Stranded Isles

Players

Pentagone - Winner!

  • Race: Terran Terran
  • League: Diamond
  • Spawn Location: 6:00

Arathorner - Winner!

  • Race: Protoss Protoss
  • Spawn Location: 6:00

Unthink - Winner!

  • Race: Zerg Zerg
  • Spawn Location: 3:00

Throwfordays

  • Race: Protoss Protoss
  • League: Silver
  • Spawn Location: 9:00

Faust

  • Race: Zerg Zerg
  • League: Diamond
  • Spawn Location: 12:00

Cthulhu

  • Race: Protoss Protoss
  • Spawn Location: 12:00

VOD

Have the link to the VOD?

Description

Time

  • Played on: Feb. 12, 2019, 10:22 p.m.
  • Length: 20:43
Show
View Real Time Build Order
Export as new Build Order

Pentagone Terran - Winner!

Build Orders: Mech 

Get SALT Encoding   

  12  0:02  SCV  
  13  0:14  SCV  
  14  0:21  Supply Depot  
  14  0:26  SCV  
  15  0:43  SCV  
  15  0:44  Barracks  
  15  0:49  Refinery  
  16  0:55  SCV  
  17  1:07  SCV  
  18  1:19  SCV  
  19  1:31  SCV  
  20  1:33  Reaper  
  21  1:40  Command Center  
  21  1:43  SCV  
  22  1:55  Supply Depot  
  22  1:56  SCV  
  23  2:11  Barracks Reactor, Orbital Command  
  23  2:31  Factory  
  23  2:38  SCV  
  24  2:50  SCV  
  25  3:02  SCV  
  26  3:09  Marine x2  
  26  3:11  Orbital Command  
  28  3:14  SCV  
  28  3:15  Refinery  
  28  3:16  Factory Tech Lab  
  28  3:36  SCV  
  28  3:37  Engineering Bay  
  29  3:41  Factory  
  29  3:48  SCV  
  30  3:50  Supply Depot  
  30  3:52  Marine x2  
  30  3:55  Siege Tank  
  35  3:56  Refinery  
  35  4:10  Marine x2  
  33  4:37  Hellion x2  
  33  4:38  SCV x2  
  39  4:42  Missile Turret  
  39  4:43  Missile Turret  
  39  4:44  Siege Tank  
  42  4:55  Barracks Tech Lab  
  42  4:56  Factory  
  42  4:57  SCV  
  42  4:58  SCV  
  44  5:01  Refinery  
  44  5:05  Supply Depot  
  44  5:08  Supply Depot  
  44  5:10  SCV x2, Hellion  
  44  5:13  Hellion  
  50  5:22  SCV x2  
  52  5:34  SCV x2  
  52  5:35  Starport  
  54  5:37  Supply Depot  
  54  5:46  SCV x2  
  54  6:16  Siege Tank  
  54  6:17  Hellion x2  
  61  6:20  SCV x2  
  61  6:24  Starport Tech Lab  
  63  6:30  Starport  
  63  6:32  SCV x2  
  65  6:44  SCV x2  
  67  6:51  Orbital Command  
  67  6:56  SCV x2  
  67  6:58  Missile Turret  
  67  6:59  Barracks Tech Lab  
  69  7:07  Starport Tech Lab  
  69  7:08  Banshee  
  63  7:09  Hyperflight Rotors  
  62  7:24  SCV x2  
  64  7:35  Siege Tank  
  64  7:36  SCV x2, Siege Tank  
  72  7:46  Hellion x2  
  72  7:48  SCV  
  72  7:49  SCV  
  77  8:00  SCV  
  77  8:01  SCV  
  77  8:12  Supply Depot  
  77  8:13  SCV  
  77  8:17  Command Center  
  78  8:28  SCV x2  
  78  8:33  Banshee x2  
  84  8:39  Siege Tank  
  84  8:40  SCV  
  86  8:55  Missile Turret  
  86  8:58  Cloaking Field  
  86  9:14  SCV x2, Siege Tank  
  86  9:15  Siege Tank  
  86  9:16  Hellion x2  
  84  9:26  SCV x2  
  86  9:36  Banshee x2  
  92  9:39  SCV x2  
  94  9:47  Siege Tank  
  94  9:51  SCV  
  96  10:08  Hellion  
  96  10:09  Hellion  
  96  10:14  SCV  
  101  10:17  Supply Depot  
  101  10:18  Supply Depot  
  101  10:19  SCV, Armory, Siege Tank  
  101  10:20  Engineering Bay  
  93  10:26  SCV  
  92  10:31  SCV  
  92  10:34  Banshee x2  
  99  10:47  Siege Tank  
  99  10:48  Hellion x2  
  99  10:49  SCV x2  
  108  10:59  Siege Tank  
  108  11:01  SCV x2  
  108  11:02  Orbital Command  
  113  11:05  Refinery  
  113  11:06  Refinery  
  113  11:13  SCV x2  
  115  11:19  Hellion  
  115  11:25  Hellion  
  116  11:39  Supply Depot  
  116  11:40  Supply Depot x2  
  116  11:41  Supply Depot, Hellion  
  115  11:52  Banshee  
  116  11:54  Banshee  
  116  11:58  Terran Vehicle And Ship Armor Level 1  
  116  12:01  Armory  
  113  12:09  Thor x2  
  125  12:23  Hellion x2  
  125  12:28  Missile Turret  
  129  12:30  Missile Turret  
  129  12:32  Sensor Tower, SCV x2  
  129  12:35  Banshee  
  134  12:37  Banshee  
  134  12:39  Factory  
  134  12:40  Factory  
  128  13:04  Starport  
  126  13:13  Thor x2  
  126  13:15  Terran Ship Weapons Level 1  
  126  13:18  Banshee  
  138  13:30  Banshee  
  141  13:55  Hellion x2  
  145  13:57  Factory Tech Lab x2  
  145  14:01  Banshee  
  148  14:12  Thor  
  141  14:43  Factory Tech Lab  
  141  14:50  Banshee  
  141  15:07  Thor  
  139  15:08  Thor  
  138  15:24  Starport Reactor  
  138  15:26  Terran Ship Weapons Level 2  
  138  15:27  Terran Vehicle And Ship Armor Level 2  
  138  15:41  Banshee  
  141  15:45  Supply Depot  
  141  15:46  Supply Depot  
  141  15:47  Supply Depot  
  141  16:06  Thor  
  141  16:07  Banshee  
  141  16:08  Supply Depot  
  141  16:10  Supply Depot  
  141  16:11  Supply Depot  
  150  16:16  Command Center  
  150  16:28  Thor x2  
  150  16:46  Thor  
  149  17:10  Thor  
  124  17:36  Thor x2  
  124  17:49  Banshee  
  127  17:52  Orbital Command  
  127  17:57  SCV x2  
  127  17:58  SCV  
  130  17:59  Hellion  
  130  18:00  Hellion  
  134  18:09  SCV  
  134  18:10  SCV x2  
  125  18:30  Thor x2  
  101  18:47  Hellion  
  97  18:58  Thor  
  103  19:06  SCV x2  
  105  19:14  Refinery  
  105  19:15  Refinery  
  105  19:26  Thor  
  105  19:28  Hellion  
  105  19:29  Hellion  
  115  19:33  SCV x2  
  115  19:34  SCV x2  
Show
View Real Time Build Order
Export as new Build Order

Arathorner Protoss - Winner!

Build Orders: Nexus First 

Get SALT Encoding   

  12  0:03  Probe  
  13  0:15  Probe  
  14  0:23  Pylon, Probe  
  15  0:57  Nexus  
  15  1:23  Gateway  
  15  1:29  Forge  
  15  1:37  Pylon  
  15  1:50  Probe  
  16  1:58  Probe  
  16  2:02  Gateway  
  16  2:06  Probe  
  17  2:10  Probe  
  17  2:14  Probe  
  19  2:18  Probe  
  21  2:26  Probe  
  21  2:30  Assimilator  
  21  2:34  Assimilator  
  22  2:37  Probe  
  22  2:41  Pylon  
  23  2:46  Cybernetics Core  
  23  2:49  Probe  
  24  2:57  Pylon  
  24  3:01  Probe  
  24  3:02  Pylon  
  24  3:04  Probe  
  25  3:11  Probe  
  25  3:12  Probe, Warp Gate  
  26  3:19  Probe  
  28  3:22  Probe  
  30  3:34  Probe  
  30  3:35  Gateway  
  31  3:42  Twilight Council  
  31  3:46  Probe  
  32  3:50  Gateway  
  32  3:55  Pylon  
  32  3:58  Zealot  
  32  3:59  Zealot  
  36  4:14  Probe  
  36  4:18  Gateway  
  36  4:22  Probe  
  37  4:29  Charge  
  38  4:32  Probe  
  39  4:39  Gateway  
  39  4:40  Gateway  
  39  4:43  Gateway  
  39  4:44  Probe  
  40  5:00  Stargate  
  40  5:01  Probe  
  40  5:06  Assimilator  
  41  5:10  Assimilator  
  41  5:13  Probe  
  42  5:17  Gateway  
  42  5:19  Gateway  
  42  5:23  Dark Shrine  
  42  5:25  Probe  
  43  5:34  Probe  
  43  5:42  Probe  
  44  5:47  Nexus  
  45  5:52  Probe  
  45  5:55  Zealot x4  
  54  6:03  Blink  
  54  6:04  Probe  
  55  6:16  Probe  
  56  6:35  Probe  
  57  6:44  Stargate  
  57  6:48  Dark Templar  
  57  6:49  Dark Templar x4  
  67  7:01  Stalker x4  
  67  7:02  Stalker  
  73  7:54  Stalker x3  
  73  7:55  Stalker x6  
  83  8:35  Protoss Ground Weapons Level 1  
  83  8:38  Probe  
  81  8:46  Probe  
  77  8:56  Stargate, Probe  
  77  8:58  Fleet Beacon  
  78  9:08  Probe  
  79  9:20  Probe  
  79  9:21  Assimilator  
  80  9:26  Assimilator  
  78  9:44  Probe  
  78  9:45  Void Ray x2  
  78  9:51  Robotics Facility  
  78  9:52  Probe  
  79  9:55  Void Ray  
  92  10:02  Probe  
  93  10:16  Probe  
  92  10:24  Pylon  
  92  10:25  Probe  
  76  10:30  Protoss Ground Armor Level 1  
  76  10:35  Probe  
  75  10:37  Pylon  
  75  10:38  Void Ray  
  75  10:39  Pylon  
  75  10:42  Pylon  
  80  10:45  Pylon  
  80  10:47  Pylon, Probe  
  81  10:50  Pylon  
  81  10:53  Pylon  
  81  10:55  Pylon  
  81  10:59  Probe  
  81  11:01  Void Ray x2  
  81  11:02  Nexus  
  86  11:11  Probe  
  86  11:18  Pylon  
  87  11:21  Void Ray  
  87  11:23  Probe  
  92  11:29  Observer  
  93  11:33  Zealot x2  
  93  11:34  Zealot x6  
  93  11:35  Zealot x2  
  93  11:36  Probe  
  114  11:43  Void Ray  
  114  11:44  Void Ray  
  122  11:58  Pylon  
  122  11:59  Mothership  
  122  12:01  Pylon  
  122  12:03  Pylon, Void Ray  
  134  12:23  Zealot x3  
  134  12:24  Protoss Shields Level 1, Zealot x5  
  134  12:25  Zealot  
  134  12:26  Void Ray  
  156  12:30  Probe  
  157  12:37  Probe  
  157  12:38  Probe  
  159  12:46  Void Ray  
  159  12:48  Probe  
  159  12:49  Probe  
  165  13:00  Probe  
  164  13:09  Void Ray  
  164  13:11  Void Ray  
  164  13:12  Probe  
  171  13:29  Void Ray  
  129  13:52  Void Ray  
  129  13:54  Void Ray  
  137  14:03  Assimilator  
  137  14:12  Void Ray  
  141  14:28  Observer  
  142  14:35  Void Ray  
  142  14:36  Void Ray  
  150  14:49  Observer  
  151  14:55  Void Ray  
  155  15:03  Probe  
  156  15:07  Assimilator  
  156  15:10  Observer  
  157  15:15  Probe  
  157  15:18  Void Ray  
  157  15:19  Pylon, Void Ray  
  166  15:27  Probe  
  166  15:28  Protoss Ground Armor Level 2  
  167  15:32  Observer  
  168  15:37  Void Ray  
  168  15:40  Probe  
  173  15:43  Protoss Air Weapons Level 1  
  173  15:52  Probe  
  158  16:00  Void Ray  
  158  16:02  Void Ray  
  158  16:03  Mothership  
  122  16:20  Void Ray  
  122  16:22  Probe  
  126  16:34  Probe  
  126  16:35  Stalker x5  
  126  16:36  Stalker x4  
  145  16:43  Void Ray  
  145  16:45  Void Ray  
  145  16:46  Probe  
  153  17:03  Void Ray  
  157  17:08  Pylon  
  157  17:13  Pylon  
  157  17:15  Pylon  
  157  17:18  Pylon  
  157  17:19  Pylon  
  157  17:21  Pylon  
  157  17:26  Void Ray  
  157  17:27  Protoss Air Armor Level 1  
  157  17:28  Void Ray  
  161  17:42  Void Ray  
  161  17:43  Protoss Shields Level 2  
  157  17:58  Void Ray  
  157  17:59  Void Ray  
  137  18:18  Nexus  
  137  18:19  Void Ray  
  141  18:55  Nexus  
  141  19:08  Zealot x3  
  141  19:09  Zealot x6  
  159  19:10  Zealot  
  161  19:31  Zealot x3  
  163  19:32  Zealot x6  
  163  19:33  Zealot  
  128  20:28  Stalker x5  
  134  20:29  Stalker x4  
  142  20:38  Stalker x2  
Show
View Real Time Build Order
Export as new Build Order

Unthink Zerg - Winner!

Build Orders: Hatch First 

Get SALT Encoding   

  12  0:03  Drone  
  13  0:08  Drone  
  13  0:14  Extractor  
  13  0:16  Drone  
  15  0:27  Overlord  
  15  0:45  Drone x2  
  15  0:47  Drone  
  18  0:59  Hatchery  
  18  1:03  Drone  
  18  1:16  Spawning Pool  
  18  1:18  Drone  
  18  1:21  Drone  
  19  1:29  Drone  
  20  1:35  Extractor  
  20  1:39  Drone  
  20  1:50  Drone  
  21  2:02  Drone  
  22  2:10  Queen  
  22  2:13  Drone x2  
  26  2:21  Overlord  
  26  2:23  Queen  
  28  2:30  Extractor  
  28  2:32  Drone  
  28  2:40  Drone x2  
  30  2:44  Drone x2  
  32  2:54  Drone  
  32  2:56  Drone  
  34  3:03  Hatchery  
  34  3:05  Drone x2  
  35  3:13  Lair  
  35  3:15  Overlord  
  35  3:19  Drone  
  36  3:27  Overlord  
  36  3:35  Drone  
  36  3:36  Drone x6  
  36  3:41  Extractor  
  42  3:51  Evolution Chamber  
  42  3:52  Evolution Chamber  
  40  3:57  Zergling x8, Roach Warren  
  40  3:58  Zergling x2  
  44  4:24  Zerg Ground Armor Level 1  
  44  4:25  Metabolic Boost  
  44  4:27  Zerg Melee Weapons Level 1  
  44  4:31  Drone x9  
  53  4:39  Queen  
  55  4:49  Spine Crawler  
  55  4:51  Spine Crawler  
  51  4:53  Glial Reconstitution  
  51  4:55  Roach  
  51  4:56  Roach x2  
  57  5:00  Overlord  
  57  5:01  Overlord  
  57  5:10  Extractor, Drone  
  57  5:24  Drone x5  
  57  5:25  Drone x7  
  69  5:32  Overlord  
  69  5:33  Overlord  
  69  5:42  Spore Crawler  
  69  5:44  Spore Crawler  
  69  5:46  Spore Crawler x2  
  69  5:48  Roach x4  
  70  6:20  Lair  
  70  6:24  Hatchery  
  69  6:27  Drone x4  
  73  6:36  Drone x9  
  82  6:40  Extractor  
  82  6:42  Extractor  
  80  6:52  Spore Crawler  
  79  6:55  Spine Crawler  
  79  7:01  Spine Crawler  
  77  7:08  Spine Crawler  
  77  7:13  Roach  
  77  7:14  Roach x2  
  82  7:43  Hydralisk Den  
  82  7:44  Zerg Missile Weapons Level 1  
  81  7:46  Zergling x10  
  81  7:47  Zergling x6  
  81  7:50  Overlord x2  
  89  8:06  Overlord x2  
  89  8:23  Hydralisk x6  
  89  8:24  Hydralisk x3  
  107  8:32  Hatchery  
  103  8:51  Hydralisk x2  
  103  8:52  Roach x2, Hydralisk x2  
  103  8:53  Roach  
  117  8:59  Grooved Spines  
  117  9:00  Zerg Ground Armor Level 2  
  117  9:06  Hydralisk  
  117  9:07  Roach  
  121  9:37  Zerg Melee Weapons Level 2  
  83  10:25  Hydralisk x4  
  83  10:26  Roach x5, Hydralisk x3  
  97  10:29  Queen  
  91  10:35  Muscular Augments  
  91  10:41  Infestation Pit  
  88  10:45  Extractor  
  88  10:46  Extractor  
  86  10:52  Hydralisk x4  
  86  10:53  Roach x4  
  100  11:21  Hydralisk x3  
  100  11:22  Roach x5, Hydralisk  
  112  12:01  Hive  
  112  12:05  Hydralisk x3  
  112  12:06  Roach x2  
  108  12:24  Hydralisk x3  
  108  12:25  Roach x4  
  108  12:28  Overlord x2  
  122  12:38  Overlord  
  122  12:39  Overlord  
  122  12:41  Overlord x2  
  122  12:48  Hydralisk x2  
  122  12:49  Roach x4, Hydralisk x2  
  136  13:21  Hydralisk  
  136  13:22  Roach x2, Hydralisk x4  
  136  13:23  Roach x3  
  156  13:33  Hatchery  
  155  13:51  Viper, Hydralisk x2  
  155  13:52  Roach  
  164  13:57  Overlord x3  
  164  14:17  Hydralisk x3  
  164  14:18  Roach x3, Hydralisk  
  144  14:39  Hydralisk  
  144  14:40  Roach x3, Hydralisk x3  
  144  14:41  Roach  
  84  15:08  Zerg Missile Weapons Level 2  
  84  15:15  Hydralisk x5  
  84  15:16  Roach x4  
  102  15:22  Overseer x4  
  102  15:58  Hydralisk x5  
  102  15:59  Roach x5, Hydralisk  
  124  16:13  Hydralisk x3  
  124  16:14  Hydralisk  
  132  16:26  Spawning Pool  
  132  16:30  Hydralisk  
  132  16:31  Hydralisk x3  
  139  16:35  Hydralisk x12  
  163  16:44  Hydralisk  
  163  16:45  Roach  
  167  17:04  Hydralisk x3  
  167  17:05  Roach x3  
  179  17:17  Hydralisk  
  179  17:18  Roach x4, Hydralisk x2  
  176  17:56  Overlord x4  
  166  18:21  Hydralisk x4  
  166  18:22  Roach x4, Hydralisk  
  144  18:57  Hydralisk x2  
  144  18:58  Roach x3, Hydralisk x3  
  144  18:59  Roach  
  102  19:15  Hydralisk  
  102  19:16  Roach, Hydralisk  
  108  19:23  Hydralisk x2  
  96  19:24  Roach  
  96  19:30  Hydralisk  
  96  19:31  Roach, Hydralisk  
  104  20:06  Hydralisk x3  
  104  20:07  Roach x4, Hydralisk x2  
  106  20:08  Roach  
Show
View Real Time Build Order
Export as new Build Order

Throwfordays Protoss 

Build Orders: 1 Gate Expand, Carriers 

Get SALT Encoding   

  12  0:00  Probe  
  13  0:13  Probe  
  14  0:22  Pylon  
  14  0:25  Probe  
  15  0:40  Gateway  
  15  0:43  Assimilator  
  15  0:47  Probe  
  16  0:59  Probe  
  16  1:02  Assimilator  
  17  1:13  Probe  
  18  1:25  Probe  
  19  1:32  Nexus  
  19  1:37  Probe  
  20  1:49  Probe  
  20  1:53  Pylon  
  21  1:58  Cybernetics Core  
  21  2:05  Probe  
  22  2:15  Zealot, Warp Gate  
  24  2:17  Probe  
  25  2:36  Pylon  
  25  2:42  Adept  
  27  2:49  Forge  
  27  2:53  Probe  
  27  3:05  Probe  
  27  3:12  Adept  
  30  3:17  Probe  
  30  3:19  Protoss Ground Weapons Level 1, Probe  
  32  3:30  Probe  
  32  3:31  Probe  
  34  3:42  Probe  
  34  3:43  Assimilator, Probe  
  36  3:54  Probe  
  37  3:55  Probe  
  37  4:02  Assimilator  
  38  4:06  Probe  
  38  4:07  Robotics Facility, Probe  
  40  4:18  Probe  
  40  4:20  Probe  
  40  4:22  Stargate  
  40  4:24  Twilight Council  
  42  4:30  Probe  
  43  4:32  Probe  
  44  4:42  Probe  
  44  4:44  Probe  
  46  4:54  Probe  
  46  4:55  Nexus, Immortal  
  46  4:56  Probe  
  52  5:07  Forge  
  52  5:14  Robotics Facility  
  52  5:20  Probe  
  53  5:25  Pylon  
  53  5:30  Pylon  
  53  5:32  Probe  
  53  5:33  Assimilator  
  54  5:35  Assimilator  
  54  5:43  Probe  
  54  5:44  Observer, Probe  
  54  5:46  Protoss Ground Weapons Level 2  
  57  5:55  Pylon, Probe  
  58  5:58  Probe  
  58  6:00  Pylon  
  58  6:02  Pylon  
  59  6:07  Resonating Glaives, Probe  
  59  6:09  Probe  
  59  6:10  Protoss Ground Armor Level 1, Probe  
  61  6:15  Probe  
  61  6:17  Probe  
  61  6:18  Probe  
  62  6:23  Probe  
  62  6:25  Probe  
  65  6:27  Probe  
  65  6:29  Pylon  
  65  6:31  Pylon  
  68  6:34  Pylon, Probe  
  68  6:36  Probe  
  70  6:46  Probe  
  71  6:49  Probe  
  71  6:52  Probe  
  73  6:57  Protoss Air Weapons Level 1  
  73  6:58  Probe  
  74  7:04  Probe  
  75  7:09  Robotics Bay  
  75  7:11  Fleet Beacon  
  75  7:25  Pylon  
  75  7:29  Pylon  
  75  7:38  Observer  
  75  7:39  Observer  
  77  7:46  Photon Cannon  
  77  7:48  Photon Cannon  
  77  7:52  Photon Cannon  
  77  7:55  Photon Cannon  
  77  7:57  Photon Cannon x2  
  77  7:59  Photon Cannon  
  77  8:02  Photon Cannon  
  77  8:07  Photon Cannon  
  77  8:09  Photon Cannon  
  65  8:46  Protoss Ground Weapons Level 3  
  65  8:51  Protoss Ground Armor Level 2, Probe  
  65  8:53  Probe  
  67  9:03  Probe  
  67  9:05  Probe  
  69  9:15  Probe  
  70  9:19  Pylon  
  70  9:20  Pylon  
  70  9:28  Probe  
  71  9:35  Extended Thermal Lance  
  71  9:40  Robotics Facility, Probe  
  71  9:41  Robotics Facility  
  71  9:43  Robotics Facility  
  72  9:47  Colossus x2  
  84  10:18  Protoss Air Weapons Level 2  
  84  10:23  Stargate  
  84  10:28  Stargate  
  84  10:30  Tempest  
  84  10:32  Colossus  
  84  10:33  Colossus x2  
  105  10:40  Colossus  
  105  10:41  Colossus  
  109  11:01  Stalker  
  111  11:07  Pylon  
  111  11:09  Pylon  
  111  11:11  Pylon  
  111  11:12  Pylon  
  111  11:14  Tempest x2  
  111  11:15  Photon Cannon  
  111  11:17  Photon Cannon  
  121  11:20  Photon Cannon  
  121  11:31  Protoss Shields Level 1  
  121  11:34  Tempest  
  126  11:53  Protoss Ground Armor Level 3  
  126  13:14  Protoss Air Weapons Level 3  
  126  13:19  Tempest x3  
  141  13:21  Anion Pulse-Crystals  
  135  14:19  Void Ray x3  
  141  14:46  Protoss Shields Level 2  
  130  15:02  Void Ray x3  
  138  15:30  Nexus  
  138  15:33  Assimilator  
  138  15:37  Observer x2  
  138  15:38  Observer x3  
  117  16:06  Void Ray x3  
  124  16:34  Gravitic Boosters  
  118  16:48  Void Ray  
  118  16:49  Void Ray x2  
  129  17:08  Protoss Shields Level 3  
  129  17:20  Nexus  
  129  17:24  Pylon  
  129  17:27  Pylon  
  129  17:30  Pylon  
  129  17:32  Carrier x3  
  129  17:33  Pylon  
  129  17:35  Pylon  
  147  17:56  Photon Cannon  
  147  17:57  Photon Cannon  
  147  17:59  Photon Cannon  
  147  18:01  Photon Cannon  
  147  18:03  Photon Cannon  
  147  18:08  Photon Cannon  
  147  18:11  Photon Cannon  
  143  18:15  Photon Cannon  
  143  18:36  Carrier x3  
  138  19:18  Assimilator  
  138  19:22  Assimilator  
  155  19:51  Pylon  
Show
View Real Time Build Order
Export as new Build Order

Faust Zerg 

Build Orders: Hatch First, Swarm Host 

Get SALT Encoding   

  12  0:01  Drone  
  13  0:09  Drone  
  14  0:18  Extractor, Drone  
  15  0:26  Overlord  
  15  0:45  Drone x2  
  17  0:56  Hatchery  
  16  0:58  Drone  
  16  1:02  Drone  
  18  1:05  Extractor  
  17  1:18  Spawning Pool  
  16  1:21  Drone  
  16  1:25  Drone  
  18  1:29  Drone  
  19  1:40  Overlord  
  19  2:04  Queen  
  19  2:07  Zergling x2, Metabolic Boost  
  22  2:08  Queen  
  22  2:10  Zergling x2  
  22  2:13  Zergling x2  
  26  2:17  Drone  
  26  2:21  Drone  
  28  2:25  Drone  
  29  2:30  Extractor  
  29  2:36  Drone  
  29  2:37  Drone  
  30  2:45  Lair, Drone  
  31  2:54  Drone x2  
  33  2:59  Overlord  
  33  3:02  Overlord  
  33  3:34  Drone x8  
  34  3:37  Extractor  
  40  3:41  Extractor  
  40  3:43  Drone x2  
  41  3:49  Infestation Pit  
  41  3:51  Nydus Network  
  41  3:55  Drone x2  
  41  3:58  Drone  
  42  4:03  Overlord  
  42  4:10  Drone  
  42  4:11  Drone  
  42  4:15  Drone  
  42  4:16  Drone x3  
  47  4:30  Overlord x2  
  47  4:34  Drone x2  
  49  4:45  Swarm Host  
  49  4:48  Overlord  
  56  4:53  Swarm Host  
  56  4:56  Drone  
  56  4:59  Swarm Host  
  66  5:06  Swarm Host  
  72  5:11  Spore Crawler  
  72  5:14  Spore Crawler  
  70  5:20  Drone  
  70  5:21  Drone  
  72  5:26  Swarm Host  
  81  5:32  Nydus Canal  
  84  5:40  Evolution Chamber  
  84  5:41  Evolution Chamber  
  82  6:11  Zerg Ground Armor Level 1, Zerg Missile Weapons Level 1  
  82  6:20  Hive  
  82  6:22  Burrow  
  82  6:23  Drone  
  82  6:24  Drone  
  84  6:25  Hatchery  
  83  6:34  Nydus Canal  
  83  6:42  Drone  
  83  6:44  Overlord x4  
  83  6:45  Overlord x4  
  84  6:58  Overseer  
  84  7:23  Swarm Host  
  84  7:24  Swarm Host x2  
  111  7:38  Zergling x2  
  111  7:39  Zergling x10  
  120  7:47  Spine Crawler  
  120  7:50  Zergling x4  
  120  7:58  Overseer  
  120  8:03  Spore Crawler  
  119  8:24  Baneling Nest, Zerg Ground Armor Level 2, Zerg Missile Weapons Level 2  
  118  8:34  Overseer  
  116  8:47  Zergling x16  
  120  9:14  Drone  
  120  9:15  Drone x5  
  126  9:27  Pneumatized Carapace  
  114  9:47  Nydus Canal  
  114  9:52  Drone x4  
  114  9:53  Drone x2  
  113  10:00  Hatchery  
  112  10:22  Swarm Host  
  124  10:35  Spire  
  123  10:36  Drone x4  
  127  10:44  Spore Crawler  
  126  11:09  Spore Crawler  
  126  11:10  Spore Crawler  
  124  11:15  Nydus Canal  
  124  12:03  Extractor x2  
  124  12:08  Hatchery  
  121  12:10  Queen  
  121  12:11  Drone x3  
  121  12:12  Drone x3  
  121  12:13  Drone x5  
  121  12:14  Overlord x3  
  134  12:20  Zerg Missile Weapons Level 3  
  134  12:22  Zerg Ground Armor Level 3  
  134  12:24  Zerg Flyer Weapons Level 1  
  134  12:36  Nydus Canal  
  134  13:16  Corruptor x4  
  134  13:17  Corruptor x6  
  134  13:18  Corruptor x3  
  160  13:25  Mutalisk  
  160  13:26  Mutalisk x6, Spire  
  173  13:27  Mutalisk  
  175  14:27  Mutalisk  
  175  14:28  Mutalisk x3  
  179  15:00  Overlord  
  179  15:01  Overlord x3  
  179  15:10  Overlord  
  179  15:15  Overlord x2  
  179  15:16  Overlord  
  179  15:37  Nydus Network  
  179  15:39  Zerg Melee Weapons Level 1  
  179  15:42  Ultralisk Cavern  
  177  15:43  Greater Spire  
  177  15:44  Zerg Flyer Weapons Level 2  
  177  16:14  Mutalisk x9  
  186  16:38  Nydus Canal  
  176  16:41  Spore Crawler x2  
  176  16:44  Adrenal Glands  
  176  16:45  Spore Crawler  
  159  17:04  Nydus Canal  
  159  17:14  Hatchery  
  158  17:17  Hatchery  
  120  17:47  Drone x3  
  123  17:51  Brood Lord  
  123  17:52  Brood Lord x2  
  123  17:53  Overlord x2  
  94  18:43  Corruptor  
  94  18:44  Corruptor x5  
  106  18:49  Drone  
  106  18:50  Drone x5  
  106  18:54  Brood Lord x3  
  106  18:55  Brood Lord x2  
  119  19:09  Drone x2  
  121  19:13  Extractor x2, Drone x3  
  121  19:14  Drone x3  
  121  19:15  Overlord  
  125  19:41  Drone x2  
  103  20:05  Corruptor  
  65  20:17  Overseer  
Show
View Real Time Build Order
Export as new Build Order

Cthulhu Protoss 

Build Orders:  

Get SALT Encoding   

  12  0:01  Probe  
  13  0:13  Probe  
  14  0:19  Pylon  
  14  0:21  Probe  
  15  0:34  Assimilator, Probe  
  16  0:46  Gateway  
  16  0:48  Probe  
  17  1:00  Probe  
  18  1:24  Gateway  
  18  1:25  Probe  
  19  1:36  Cybernetics Core  
  19  1:37  Probe  
  19  1:38  Pylon  
  20  2:01  Nexus  
  20  2:17  Probe, Warp Gate  
  21  2:23  Stalker x2  
  21  2:25  Probe  
  25  2:48  Assimilator  
  25  2:51  Gateway  
  25  2:59  Gateway  
  25  3:02  Pylon  
  25  3:04  Probe  
  26  3:16  Probe x2  
  28  3:32  Twilight Council  
  28  3:34  Pylon  
  28  3:38  Forge, Probe  
  28  3:42  Probe  
  28  3:46  Protoss Ground Weapons Level 1  
  30  3:54  Probe  
  30  3:57  Probe  
  32  4:04  Blink  
  32  4:09  Pylon, Probe  
  33  4:28  Stalker x3  
  39  4:37  Pylon  
  39  5:05  Probe x2  
  39  5:07  Nexus  
  41  5:08  Pylon  
  41  5:17  Probe  
  42  5:32  Assimilator  
  42  5:36  Pylon  
  42  5:38  Photon Cannon  
  42  5:46  Photon Cannon  
  42  5:49  Photon Cannon  
  42  5:53  Photon Cannon  
  42  5:59  Stalker  
  42  6:00  Stalker x2  
  42  6:01  Stalker  
  50  6:05  Probe x2  
  52  6:22  Probe x2  
  54  6:34  Probe  
  54  6:36  Assimilator  
  54  6:38  Probe  
  56  6:40  Assimilator  
  56  6:44  Templar Archives  
  56  6:46  Probe  
  57  6:48  Dark Shrine  
  57  6:49  Gateway  
  57  6:50  Probe  
  58  7:02  Protoss Ground Weapons Level 2  
  58  7:14  Stalker x3  
  58  7:15  Stalker  
  66  7:23  Psionic Storm  
  66  7:36  Assimilator  
  66  7:39  Photon Cannon x2  
  66  7:41  Photon Cannon  
  66  7:42  Photon Cannon  
  66  7:53  Photon Cannon  
  66  8:04  Pylon  
  66  8:11  Photon Cannon  
  66  8:13  Photon Cannon  
  66  8:15  Probe  
  67  8:22  Photon Cannon  
  67  8:27  Photon Cannon, Probe  
  67  8:29  Photon Cannon  
  66  8:39  Photon Cannon, Probe  
  67  8:41  Photon Cannon  
  67  8:53  Photon Cannon  
  55  9:33  Stalker  
  55  9:34  Stalker x2  
  55  9:35  Dark Templar x2  
  65  9:47  Robotics Facility  
  57  10:01  Stalker x3  
  40  10:36  Pylon  
  40  10:40  Pylon  
  36  11:03  Protoss Ground Armor Level 1  
  36  11:06  Pylon  
  36  11:09  Stalker x4  
  36  11:10  Dark Templar  
  46  11:34  Dark Templar x4  
  54  11:48  Nexus  
  54  11:51  Pylon  
  52  11:57  Pylon  
  52  12:00  Pylon  
  52  12:13  Zealot x4  
  52  12:14  Zealot  
  58  12:28  Nexus  
  58  12:32  Photon Cannon  
  58  12:33  Photon Cannon  
  58  12:34  Photon Cannon x2  
  58  12:38  Photon Cannon x2  
  58  12:39  Dark Templar x3  
  58  12:40  Dark Templar x2  
  68  12:55  Protoss Ground Armor Level 2  
  66  13:02  Robotics Facility  
  66  13:19  Charge  
  65  13:30  Stalker x3  
  50  14:35  Observer  
  37  14:46  Stalker x3  
  37  14:47  Stalker x2  
  46  14:53  Observer  
  47  15:01  Protoss Ground Weapons Level 3  
  47  15:14  Stalker x5  
  57  15:26  Photon Cannon, Dark Shrine  
  57  15:28  Photon Cannon  
  55  16:31  Stalker x5  
  59  17:21  Nexus  
  25  18:11  Stalker  
  27  18:13  Dark Templar x3  
  26  18:22  Dark Templar x2  
  26  18:25  Zealot  
  18  19:23  Pylon  
  18  19:24  Pylon  
  18  19:28  Pylon  
  18  19:40  Nexus  
  18  19:43  Assimilator  
  18  19:45  Pylon  
  14  20:16  Stalker x3  
  14  20:17  Stalker  
Tags
 
Add a new tag
Caveats
  • Supply blocks, unpowered buildings, or Contaminate may cause inaccurate times.
  • Supply counts are checked every 10 seconds.